Diables vs Harfangs
(R1)
Created - 28 octobre 2016 at 00:10
Goals
|
| Diables |
4 |
1 |
3 |
8 |
| Harfangs |
1 |
1 |
4 |
6 |
|
Shots
|
| Diables |
11 |
5 |
14 |
30 |
| Harfangs |
14 |
14 |
21 |
49 |
|
1st period
1. Diables , Steve Quailer 1 (Tyler Bozak) at 0:06
2. Diables , Benn Ferriero 2 (Brandon Prust, Riley Sheahan) at 9:16
3. Harfangs , Jean-Gabriel Pageau 1 (Tomas Tatar, Brian Lashoff) at 10:09
4. Diables , Kellan Lain 1 (Tyler Bozak, Steve Quailer) at 10:17
5. Diables , Steve Quailer 2 (Josh Manson) at 18:19
Penalties :
Tomas Tatar (BEA) for Hooking (Minor) at 0:28, Brian Dumoulin (Alm) for High sticking (Minor) at 11:04
2nd period
6. Harfangs , Jean-Gabriel Pageau 2 (Tomas Tatar, Nathan Beaulieu) at 0:40
7. Diables , Taylor Beck 1 (Pavel Valentenko) at 5:36
Penalties :
Calle Jarnkrok (BEA) for Hooking (Minor) at 8:04, Brandon Pirri (BEA) for Holding Stick (Minor) at 11:45, Brock Nelson (BEA) for Roughing (Minor) at 15:44
3rd period
8. Diables , Kellan Lain 2 (Tyler Bozak) at 0:16
9. Harfangs , Tomas Tatar 1 (Jean-Gabriel Pageau, Brian Lashoff) at 0:44
10. Diables , Brandon Prust 2 (Tyler Cuma, Benn Ferriero) at 5:26
11. Diables , Steve Quailer 3 (Tyler Bozak, Pavel Valentenko) at 5:34
12. Harfangs , Mike Hoffman 1 (Calle Jarnkrok, Joel Armia) at 6:25
13. Harfangs , Nathan Beaulieu 1 (Tomas Tatar) at 8:25 (PP)
14. Harfangs , Brian Lashoff 1 (Mika Zibanejad, Brock Nelson) at 10:48 (PP)
Penalties :
Craig Smith (Alm) for Hooking (Minor) at 7:49, Benn Ferriero (Alm) for Tripping (Minor) at 10:33, Dustin Kohn (Alm) for Holding Stick (Minor) at 12:57, Pierre-Cédric Labrie (Alm) for Cross-checking (Minor) at 17:35
Goalie Stats
Marek Mazanek (Alm), 43 saves from 49 shots - (0,878), W, 1-0-0, 60:00 minutes
Darcy Kuemper (BEA), 13 saves from 17 shots - (0,765), 32:45 minutes
Mark Visentin (BEA), 9 saves from 13 shots - (0,692), L, 0-1-0, 27:15 minutes
Players Stats for Diables
Player Name G A P +/- PIM S H SB GA TA FO MP PP MP PK MP
------------------------------------------------------------------------------------
Ben Hanowski 0 0 0 1 0 1 0 0 1 1 0/0 7:25 0:04 0:00
Benn Ferriero 1 1 2 1 2 2 0 0 0 0 1/2 15:55 3:45 0:00
Boone Jenner 0 0 0 1 0 1 2 0 0 0 2/2 7:10 0:00 0:00
Brandon Prust 1 1 2 1 0 2 1 1 2 0 0/1 18:14 3:45 2:18
Brian Dumoulin 0 0 0 0 2 1 0 0 0 0 0/0 10:16 0:00 0:12
Craig Smith 0 0 0 -2 2 1 2 1 1 0 2/5 12:31 0:12 1:03
Dustin Kohn 0 0 0 2 2 0 0 3 1 0 0/0 19:53 3:12 1:24
Josh Manson 0 1 1 1 0 0 0 0 0 0 0/0 4:24 0:00 0:31
Keith Seabrook 0 0 0 0 0 1 0 0 1 0 0/0 9:47 0:00 0:45
Kellan Lain 2 0 2 4 0 3 1 0 1 1 0/0 22:40 4:04 3:48
Lukas Krajicek 0 0 0 1 0 2 4 2 0 2 0/0 27:40 4:44 4:15
Pavel Valentenko 0 2 2 2 0 0 2 1 0 0 0/0 19:39 3:12 2:14
Pierre-Cédric Labrie 0 0 0 -2 2 0 0 0 1 0 0/0 11:43 0:00 1:10
Riley Sheahan 0 1 1 1 0 0 1 1 0 1 7/13 15:56 3:45 0:00
Steve Quailer 3 1 4 4 0 5 2 2 1 0 1/1 19:18 4:02 1:03
Taylor Beck 1 0 1 1 0 3 2 0 0 0 0/0 8:23 0:00 0:26
Tomas Kubalik 0 0 0 -2 0 2 1 1 0 0 1/1 10:39 0:09 0:00
Tyler Bozak 0 4 4 4 0 2 2 0 0 0 19/36 22:28 4:02 3:48
Tyler Cuma 0 1 1 2 0 4 0 6 3 1 0/0 29:06 4:44 4:15
Players Stats for Harfangs
Player Name G A P +/- PIM S H SB GA TA FO MP PP MP PK MP
------------------------------------------------------------------------------------
Brandon Pirri 0 0 0 -1 2 1 1 0 0 0 2/4 11:47 0:17 1:02
Brian Lashoff 1 2 3 -3 0 3 1 2 0 0 0/0 28:19 3:19 4:32
Brock Nelson 0 1 1 -5 2 10 2 0 0 1 0/1 21:42 3:43 3:10
Calle Jarnkrok 0 1 1 0 2 2 0 0 0 0 1/1 9:47 0:00 2:15
Cam Fowler 0 0 0 -3 0 4 2 3 2 1 0/0 28:19 3:19 4:32
Dennis Everberg 0 0 0 -5 0 3 3 1 1 0 0/1 18:15 3:43 0:00
Dustin Jeffrey 0 0 0 -1 0 0 0 0 0 3 2/6 13:03 0:00 4:09
Dylan Olsen 0 0 0 1 0 1 0 0 0 2 0/0 22:03 3:29 3:24
Emerson Etem 0 0 0 2 0 1 2 0 0 0 0/0 15:54 2:48 0:00
Jean-Gabriel Pageau 2 1 3 2 0 5 2 0 0 0 5/12 18:11 2:48 2:12
Joel Armia 0 1 1 -1 0 0 0 0 0 0 0/0 9:57 0:17 0:00
Mark Alt 0 0 0 -2 0 0 0 0 0 0 0/0 9:38 0:00 0:00
Mika Zibanejad 0 1 1 -5 0 1 1 0 1 0 17/34 18:18 3:43 0:00
Mike Hoffman 1 0 1 0 0 2 0 0 1 2 1/1 9:00 0:17 0:28
Nathan Beaulieu 1 1 2 1 0 6 1 0 0 2 0/0 22:03 3:29 3:24
Reid McNeill 0 0 0 -2 0 0 0 0 0 0 0/0 9:38 0:00 0:00
Sebastian Wannstrom 0 0 0 0 0 0 0 0 0 0 0/0 6:48 0:00 0:00
Tomas Tatar 1 3 4 2 2 10 3 0 1 1 0/1 19:18 2:48 2:36
3 Stars
1 - Steve Quailer (Alm)
2 - Tyler Bozak (Alm)
3 - Jean-Gabriel Pageau (BEA)
Power Play
Diables - 0 on 4 Attempt(s) - 0,00%
Harfangs - 2 on 5 Attempt(s) - 40,00%
Penalty Kill
Diables - 3 on 5 Attempt(s) - 60,00%
- Score 0 goal in Penalty Kill
Harfangs - 4 on 4 Attempt(s) - 100,00%
- Score 0 goal in Penalty Kill
Team Stat
Diables - Hits : 20 - Faceoff Wins : 33 - Blocked Shots : 18 - Penalty Minutes : 10
Harfangs - Hits : 18 - Faceoff Wins : 28 - Blocked Shots : 6 - Penalty Minutes : 8
Official
Referees : Meier Brad and O'Rourke Dan
Linesman : Steve Miller and Brad Kovachik
Game Notes
Mark Visentin enters game at 18:19 of 1st period
Steve Quailer has scored a Hat Trick!
Darcy Kuemper enters game at 5:34 of 3rd period
Finance
Level 1 -- Attendance: 1403 (70,15%) -- Ticket Income 42 090 $
Level 2 -- Attendance: 671 (67,10%) -- Ticket Income 10 065 $
Total Attendance: 2074 (69,13%)
Total Ticket Income: 52 155 $
Other Income: 2 608 $
Total Income: 54 763 $
Diables
5 vs 5 Forward
Center Left Wing Right Wing Time % Phy DF OF
1 Tyler Bozak Kellan Lain Steve Quailer 40 1 2 2
2 Riley Sheahan Brandon Prust Benn Ferriero 30 1 2 2
3 Craig Smith Pierre-Cédric Labrie Tomas Kubalik 20 1 2 2
4 Boone Jenner Taylor Beck Ben Hanowski 10 1 2 2
5 vs 5 Defense
Defense Defense Time % Phy DF OF
1 Tyler Cuma Lukas Krajicek 40 1 2 2
2 Dustin Kohn Pavel Valentenko 30 1 2 2
3 Brian Dumoulin Keith Seabrook 20 1 2 2
4 Josh Manson Tyler Cuma 10 1 2 2
PowerPlay Forward
Center Left Wing Right Wing Time % Phy DF OF
1 Tyler Bozak Kellan Lain Steve Quailer 60 1 2 2
2 Riley Sheahan Brandon Prust Benn Ferriero 40 1 2 2
PowerPlay Defense
Defense Defense Time % Phy DF OF
1 Tyler Cuma Lukas Krajicek 60 1 2 2
2 Dustin Kohn Pavel Valentenko 40 1 2 2
Penalty Kill 4 Players Forward
Center Wing Time % Phy DF OF
1 Tyler Bozak Kellan Lain 60 1 2 2
2 Brandon Prust Steve Quailer 40 1 2 2
Penalty Kill 4 Players Defense
Defense Defense Time % Phy DF OF
1 Tyler Cuma Lukas Krajicek 60 1 2 2
2 Dustin Kohn Pavel Valentenko 40 1 2 2
Penalty Kill - 3 Players Forward
Forward Time % Phy DF OF
1 Tyler Bozak 60 1 2 2
2 Kellan Lain 40 1 2 2
Penalty Kill - 3 Players Defense
Defense Defense Time % Phy DF OF
1 Tyler Cuma Lukas Krajicek 60 1 2 2
2 Dustin Kohn Pavel Valentenko 40 1 2 2
4 vs 4 Forward
Center Wing Time % Phy DF OF
1 Tyler Bozak Kellan Lain 60 1 2 2
2 Brandon Prust Steve Quailer 40 1 2 2
4 vs 4 Defense
Defense Defense Time % Phy DF OF
1 Tyler Cuma Lukas Krajicek 60 1 2 2
2 Dustin Kohn Pavel Valentenko 40 1 2 2
Last Minutes Offensive
Center Left Wing Right Wing Defense Defense
Tyler Bozak Kellan Lain Steve Quailer Tyler Cuma Lukas Krajicek
Last Minutes Defensive
Center Left Wing Right Wing Defense Defense
Tyler Bozak Kellan Lain Steve Quailer Tyler Cuma Lukas Krajicek
Goaltenders
Starting : Marek Mazanek
Backup : Jean-Francois Berube
Extra Forwards
Normal : Craig Smith, Tomas Kubalik, Pierre-Cédric Labrie - PP : Craig Smith, Tomas Kubalik - PK : Pierre-Cédric Labrie
Extra Defensemen
Normal : Brian Dumoulin, Keith Seabrook, Josh Manson - PP : Brian Dumoulin - PK : Keith Seabrook, Josh Manson
Penalty Shots
Tyler Bozak, Kellan Lain, Brandon Prust, Steve Quailer, Riley Sheahan
Harfangs
5 vs 5 Forward
Center Left Wing Right Wing Time % Phy DF OF
1 Mika Zibanejad Brock Nelson Dennis Everberg 40 1 2 2
2 Jean-Gabriel Pageau Tomas Tatar Emerson Etem 30 1 2 2
3 Brandon Pirri Dustin Jeffrey Joel Armia 20 1 2 2
4 Calle Jarnkrok Mike Hoffman Sebastian Wannstrom 10 1 2 2
5 vs 5 Defense
Defense Defense Time % Phy DF OF
1 Cam Fowler Brian Lashoff 40 1 2 2
2 Nathan Beaulieu Dylan Olsen 30 1 2 2
3 Mark Alt Reid McNeill 20 1 2 2
4 Cam Fowler Brian Lashoff 10 1 2 2
PowerPlay Forward
Center Left Wing Right Wing Time % Phy DF OF
1 Mika Zibanejad Brock Nelson Dennis Everberg 60 1 2 2
2 Jean-Gabriel Pageau Tomas Tatar Emerson Etem 40 1 2 2
PowerPlay Defense
Defense Defense Time % Phy DF OF
1 Cam Fowler Brian Lashoff 60 1 2 2
2 Nathan Beaulieu Dylan Olsen 40 1 2 2
Penalty Kill 4 Players Forward
Center Wing Time % Phy DF OF
1 Dustin Jeffrey Brock Nelson 60 1 2 2
2 Tomas Tatar Jean-Gabriel Pageau 40 1 2 2
Penalty Kill 4 Players Defense
Defense Defense Time % Phy DF OF
1 Cam Fowler Brian Lashoff 60 1 2 2
2 Nathan Beaulieu Dylan Olsen 40 1 2 2
Penalty Kill - 3 Players Forward
Forward Time % Phy DF OF
1 Dustin Jeffrey 60 1 2 2
2 Brock Nelson 40 1 2 2
Penalty Kill - 3 Players Defense
Defense Defense Time % Phy DF OF
1 Cam Fowler Brian Lashoff 60 1 2 2
2 Nathan Beaulieu Dylan Olsen 40 1 2 2
4 vs 4 Forward
Center Wing Time % Phy DF OF
1 Dustin Jeffrey Brock Nelson 60 1 2 2
2 Tomas Tatar Jean-Gabriel Pageau 40 1 2 2
4 vs 4 Defense
Defense Defense Time % Phy DF OF
1 Cam Fowler Brian Lashoff 60 1 2 2
2 Nathan Beaulieu Dylan Olsen 40 1 2 2
Last Minutes Offensive
Center Left Wing Right Wing Defense Defense
Jean-Gabriel Pageau Dustin Jeffrey Dennis Everberg Cam Fowler Brian Lashoff
Last Minutes Defensive
Center Left Wing Right Wing Defense Defense
Jean-Gabriel Pageau Dustin Jeffrey Dennis Everberg Cam Fowler Brian Lashoff
Goaltenders
Starting : Darcy Kuemper
Backup : Mark Visentin
Extra Forwards
Normal : Mike Hoffman, Brandon Pirri, Calle Jarnkrok - PP : Mike Hoffman, Brandon Pirri - PK : Calle Jarnkrok
Extra Defensemen
Normal : Mark Alt, Reid McNeill, Nathan Beaulieu - PP : Mark Alt - PK : Reid McNeill, Nathan Beaulieu
Penalty Shots
Dustin Jeffrey, Brock Nelson, Tomas Tatar, Jean-Gabriel Pageau, Mika Zibanejad
% Time on Ice - Diables
Lines # - Real PCT - Wanted PCT - Time Play
Normal Forward
1 - 35% - 40% - 15:46
2 - 27% - 30% - 12:11
3 - 22% - 20% - 10:09
4 - 16% - 10% - 7:10
Normal Defense
1 - 43% - 40% - 19:17
2 - 32% - 30% - 14:33
3 - 20% - 20% - 8:51
4 - 6% - 10% - 2:35
PP Forward
1 - 53% - 60% - 4:11
2 - 47% - 40% - 3:45
PP Defense
1 - 60% - 60% - 4:44
2 - 40% - 40% - 3:12
PK Forward
1 - 85% - 60% - 5:45
2 - 15% - 40% - 1:03
PK Defense
1 - 64% - 60% - 4:22
2 - 36% - 40% - 2:26
PK3 Forward
1 - 0% - 60%
2 - 0% - 40%
PK3 Defense
1 - 0% - 60%
2 - 0% - 40%
44 Forward
1 - 0% - 60%
2 - 0% - 40%
44 Defense
1 - 0% - 60%
2 - 0% - 40%
Last Minute Offensive - 0:00
Last Minute Defensive - 0:00
Total
Forward - 60:00
Defense - 60:00
|
% Time on Ice - Harfangs
Lines # - Real PCT - Wanted PCT - Time Play
Normal Forward
1 - 36% - 40% - 16:31
2 - 29% - 30% - 13:11
3 - 19% - 20% - 8:46
4 - 15% - 10% - 6:48
Normal Defense
1 - 41% - 40% - 18:43
2 - 34% - 30% - 15:10
3 - 21% - 20% - 9:38
4 - 4% - 10% - 1:45
PP Forward
1 - 59% - 60% - 4:00
2 - 41% - 40% - 2:48
PP Defense
1 - 49% - 60% - 3:19
2 - 51% - 40% - 3:29
PK Forward
1 - 77% - 60% - 6:05
2 - 23% - 40% - 1:51
PK Defense
1 - 57% - 60% - 4:32
2 - 43% - 40% - 3:24
PK3 Forward
1 - 0% - 60%
2 - 0% - 40%
PK3 Defense
1 - 0% - 60%
2 - 0% - 40%
44 Forward
1 - 0% - 60%
2 - 0% - 40%
44 Defense
1 - 0% - 60%
2 - 0% - 40%
Last Minute Offensive - 0:00
Last Minute Defensive - 0:00
Total
Forward - 60:00
Defense - 60:00
|
Play by Play
1st period
0:01 of 1st period - Tyler Bozak wins face-off versus Mika Zibanejad in neutral zone.
0:06 of 1st period - Wrist shot by Steve Quailer.
0:06 of 1st period - Goal by Steve Quailer - Diables : 1 - Harfangs : 0.
0:07 of 1st period - Riley Sheahan wins face-off versus Jean-Gabriel Pageau in neutral zone.
0:28 of 1st period - Minor Penalty to Tomas Tatar for Hooking.
0:29 of 1st period - Tyler Bozak wins face-off versus Dustin Jeffrey in Harfangs zone.
0:30 of 1st period - Wrist shot by Steve Quailer.
0:30 of 1st period - Shot Blocked by Cam Fowler.
0:32 of 1st period - Wrist shot by Tyler Cuma.
0:32 of 1st period - Stopped by Darcy Kuemper with a rebound.
0:34 of 1st period - Snap shot by Tyler Bozak.
0:34 of 1st period - Stopped by Darcy Kuemper without a rebound.
0:35 of 1st period - Dustin Jeffrey wins face-off versus Tyler Bozak in Harfangs zone.
0:35 of 1st period - Dustin Jeffrey is hit by Lukas Krajicek.
2:28 of 1st period - Penalty to Tomas Tatar is over, Tomas Tatar is back on ice.
2:33 of 1st period - Slapshot by Craig Smith.
2:33 of 1st period - Stopped by Darcy Kuemper with a rebound.
2:39 of 1st period - Wrist shot by Brock Nelson.
2:39 of 1st period - Stopped by Marek Mazanek with a rebound.
2:41 of 1st period - Slapshot by Brock Nelson.
2:41 of 1st period - Stopped by Marek Mazanek with a rebound.
2:57 of 1st period - Calle Jarnkrok is hit by Boone Jenner and loses puck.
4:44 of 1st period - Lukas Krajicek is hit by Cam Fowler and loses puck.
5:31 of 1st period - Dylan Olsen is hit by Kellan Lain.
5:41 of 1st period - Brian Dumoulin is hit by Dennis Everberg and loses puck.
5:52 of 1st period - Snap shot by Boone Jenner.
5:52 of 1st period - Stopped by Darcy Kuemper without a rebound.
5:53 of 1st period - Calle Jarnkrok wins face-off versus Craig Smith in Harfangs zone.
6:00 of 1st period - Snap shot by Calle Jarnkrok.
6:00 of 1st period - Shot Misses the Net.
6:31 of 1st period - Icing by Steve Quailer.
6:32 of 1st period - Tyler Bozak wins face-off versus Mika Zibanejad in Diables zone.
6:42 of 1st period - Icing by Cam Fowler.
6:43 of 1st period - Mika Zibanejad wins face-off versus Benn Ferriero in Harfangs zone.
6:48 of 1st period - Snap shot by Mika Zibanejad.
6:48 of 1st period - Deflect By Brock Nelson.
6:48 of 1st period - Stopped by Marek Mazanek with a rebound.
6:50 of 1st period - Snap shot by Brian Lashoff.
6:50 of 1st period - Stopped by Marek Mazanek without a rebound.
6:51 of 1st period - Riley Sheahan wins face-off versus Mika Zibanejad in Diables zone.
7:23 of 1st period - Wrist shot by Steve Quailer.
7:23 of 1st period - Stopped by Darcy Kuemper with a rebound.
7:29 of 1st period - Snap shot by Brandon Pirri.
7:29 of 1st period - Stopped by Marek Mazanek without a rebound.
7:30 of 1st period - Craig Smith wins face-off versus Jean-Gabriel Pageau in Diables zone.
7:42 of 1st period - Wrist shot by Jean-Gabriel Pageau.
7:42 of 1st period - Stopped by Marek Mazanek with a rebound.
7:44 of 1st period - Backhand shot by Nathan Beaulieu.
7:44 of 1st period - Stopped by Marek Mazanek with a rebound.
7:56 of 1st period - Brock Nelson is hit by Steve Quailer and loses puck.
8:23 of 1st period - Cam Fowler is hit by Pavel Valentenko and loses puck.
9:00 of 1st period - Snap shot by Tomas Tatar.
9:00 of 1st period - Shot Blocked by Tyler Cuma.
9:06 of 1st period - Slapshot by Steve Quailer.
9:06 of 1st period - Stopped by Darcy Kuemper without a rebound.
9:07 of 1st period - Riley Sheahan wins face-off versus Mika Zibanejad in Harfangs zone.
9:14 of 1st period - Wrist shot by Brandon Prust.
9:14 of 1st period - Stopped by Darcy Kuemper with a rebound.
9:16 of 1st period - Snap shot by Benn Ferriero.
9:16 of 1st period - Goal by Benn Ferriero - Diables : 2 - Harfangs : 0.
9:17 of 1st period - Mika Zibanejad wins face-off versus Tyler Bozak in neutral zone.
9:30 of 1st period - Snap shot by Brock Nelson.
9:30 of 1st period - Stopped by Marek Mazanek with a rebound.
9:32 of 1st period - Wrist shot by Dennis Everberg.
9:32 of 1st period - Deflect By Tyler Bozak.
9:32 of 1st period - Shot Blocked by Tyler Cuma.
9:32 of 1st period - Puck is out of play.
9:33 of 1st period - Riley Sheahan wins face-off versus Jean-Gabriel Pageau in Diables zone.
9:33 of 1st period - Riley Sheahan is hit by Tomas Tatar.
10:00 of 1st period - Brian Lashoff is hit by Lukas Krajicek and loses puck.
10:09 of 1st period - Wrist shot by Tomas Tatar.
10:09 of 1st period - Deflect By Jean-Gabriel Pageau.
10:09 of 1st period - Goal by Jean-Gabriel Pageau - Diables : 2 - Harfangs : 1.
10:10 of 1st period - Steve Quailer wins face-off versus Mika Zibanejad in neutral zone.
10:17 of 1st period - Snap shot by Kellan Lain.
10:17 of 1st period - Goal by Kellan Lain - Diables : 3 - Harfangs : 1.
10:18 of 1st period - Mika Zibanejad wins face-off versus Tyler Bozak in neutral zone.
10:43 of 1st period - Dustin Jeffrey is hit by Brandon Prust and loses puck.
10:54 of 1st period - Snap shot by Brandon Prust.
10:54 of 1st period - Deflect By Benn Ferriero.
10:54 of 1st period - Shot Misses the Net.
10:54 of 1st period - Puck is out of play.
10:55 of 1st period - Mika Zibanejad wins face-off versus Craig Smith in Harfangs zone.
11:02 of 1st period - Wrist shot by Brock Nelson.
11:02 of 1st period - Stopped by Marek Mazanek with a rebound.
11:04 of 1st period - Minor Penalty to Brian Dumoulin for High sticking.
11:05 of 1st period - Mika Zibanejad wins face-off versus Tyler Bozak in Diables zone.
11:18 of 1st period - Snap shot by Brock Nelson.
11:18 of 1st period - Shot Misses the Net.
11:30 of 1st period - Tyler Bozak is hit by Tomas Tatar and loses puck.
13:04 of 1st period - Penalty to Brian Dumoulin is over, Brian Dumoulin is back on ice.
14:02 of 1st period - Cam Fowler is hit by Boone Jenner and loses puck.
14:30 of 1st period - Brian Lashoff is hit by Lukas Krajicek.
14:47 of 1st period - Icing by Keith Seabrook.
14:48 of 1st period - Jean-Gabriel Pageau wins face-off versus Riley Sheahan in Diables zone.
15:11 of 1st period - Kellan Lain is hit by Dennis Everberg and loses puck.
17:28 of 1st period - Tomas Kubalik is hit by Emerson Etem and loses puck.
17:50 of 1st period - Snap shot by Calle Jarnkrok.
17:50 of 1st period - Shot Blocked by Tyler Cuma.
18:00 of 1st period - Benn Ferriero is hit by Brock Nelson and loses puck.
18:07 of 1st period - Snap shot by Mika Zibanejad.
18:07 of 1st period - Shot Blocked by Brandon Prust.
18:19 of 1st period - Wrist shot by Steve Quailer.
18:19 of 1st period - Goal by Steve Quailer - Diables : 4 - Harfangs : 1.
18:19 of 1st period - Mark Visentin enters game.
18:20 of 1st period - Tyler Bozak wins face-off versus Mika Zibanejad in neutral zone.
18:48 of 1st period - Off-side.
18:49 of 1st period - Riley Sheahan wins face-off versus Jean-Gabriel Pageau in neutral zone.
18:54 of 1st period - Slapshot by Brandon Prust.
18:54 of 1st period - Shot Blocked by Cam Fowler.
19:12 of 1st period - Backhand shot by Brandon Prust.
19:12 of 1st period - Shot Misses the Net.
19:18 of 1st period - Snap shot by Tomas Tatar.
19:18 of 1st period - Stopped by Marek Mazanek with a rebound.
19:20 of 1st period - Slapshot by Emerson Etem.
19:20 of 1st period - Shot Misses the Net.
19:22 of 1st period - Slapshot by Cam Fowler.
19:22 of 1st period - Stopped by Marek Mazanek without a rebound.
19:23 of 1st period - Mika Zibanejad wins face-off versus Tyler Bozak in Diables zone.
19:24 of 1st period - Snap shot by Brock Nelson.
19:24 of 1st period - Stopped by Marek Mazanek with a rebound.
19:26 of 1st period - Snap shot by Dennis Everberg.
19:26 of 1st period - Shot Blocked by Tyler Cuma.
19:28 of 1st period - Slapshot by Nathan Beaulieu.
19:28 of 1st period - Stopped by Marek Mazanek with a rebound.
19:30 of 1st period - Snap shot by Dennis Everberg.
19:30 of 1st period - Shot Blocked by Tyler Cuma.
Goals for this period are 4 for Diables vs 1 for Harfangs.
Shots for this period are 11 for Diables vs 14 for Harfangs.
2nd period
0:01 of 2nd period - Mika Zibanejad wins face-off versus Tyler Bozak in neutral zone.
0:11 of 2nd period - Wrist shot by Dennis Everberg.
0:11 of 2nd period - Shot Blocked by Dustin Kohn.
0:13 of 2nd period - Wrist shot by Cam Fowler.
0:13 of 2nd period - Shot Blocked by Dustin Kohn.
0:15 of 2nd period - Snap shot by Mika Zibanejad.
0:15 of 2nd period - Shot Misses the Net.
0:30 of 2nd period - Slapshot by Tomas Tatar.
0:30 of 2nd period - Stopped by Marek Mazanek without a rebound.
0:31 of 2nd period - Jean-Gabriel Pageau wins face-off versus Riley Sheahan in Diables zone.
0:32 of 2nd period - Slapshot by Tomas Tatar.
0:32 of 2nd period - Shot Misses the Net.
0:40 of 2nd period - Snap shot by Jean-Gabriel Pageau.
0:40 of 2nd period - Goal by Jean-Gabriel Pageau - Diables : 4 - Harfangs : 2.
0:41 of 2nd period - Tyler Bozak wins face-off versus Brock Nelson in neutral zone.
0:52 of 2nd period - Snap shot by Brock Nelson.
0:52 of 2nd period - Stopped by Marek Mazanek with a rebound.
0:54 of 2nd period - Slapshot by Brian Lashoff.
0:54 of 2nd period - Shot Misses the Net.
2:11 of 2nd period - Boone Jenner is hit by Dennis Everberg and loses puck.
2:40 of 2nd period - Tyler Cuma is hit by Cam Fowler.
4:29 of 2nd period - Mark Alt is hit by Tomas Kubalik and loses puck.
5:05 of 2nd period - Tomas Tatar is hit by Tyler Bozak and loses puck.
5:27 of 2nd period - Mike Hoffman is hit by Pavel Valentenko and loses puck.
5:36 of 2nd period - Wrist shot by Taylor Beck.
5:36 of 2nd period - Goal by Taylor Beck - Diables : 5 - Harfangs : 2.
5:37 of 2nd period - Mika Zibanejad wins face-off versus Tyler Bozak in neutral zone.
6:04 of 2nd period - Emerson Etem is hit by Lukas Krajicek and loses puck.
6:25 of 2nd period - Snap shot by Brandon Pirri.
6:25 of 2nd period - Shot Blocked by Tomas Kubalik.
7:08 of 2nd period - Snap shot by Tyler Cuma.
7:08 of 2nd period - Stopped by Mark Visentin with a rebound.
7:51 of 2nd period - Snap shot by Dustin Jeffrey.
7:51 of 2nd period - Shot Misses the Net.
7:53 of 2nd period - Backhand shot by Nathan Beaulieu.
7:53 of 2nd period - Stopped by Marek Mazanek with a rebound.
8:04 of 2nd period - Minor Penalty to Calle Jarnkrok for Hooking.
8:05 of 2nd period - Tyler Bozak wins face-off versus Dustin Jeffrey in Harfangs zone.
8:19 of 2nd period - Wrist shot by Tyler Bozak.
8:19 of 2nd period - Shot Misses the Net.
9:21 of 2nd period - Slapshot by Dylan Olsen.
9:21 of 2nd period - Deflect By Riley Sheahan.
9:21 of 2nd period - Stopped by Marek Mazanek with a rebound.
9:23 of 2nd period - Snap shot by Tomas Tatar.
9:23 of 2nd period - Deflect By Jean-Gabriel Pageau.
9:23 of 2nd period - Shot Misses the Net.
9:23 of 2nd period - Puck is out of play.
9:24 of 2nd period - Riley Sheahan wins face-off versus Tomas Tatar in Diables zone.
9:47 of 2nd period - Benn Ferriero is hit by Jean-Gabriel Pageau and loses puck.
10:04 of 2nd period - Penalty to Calle Jarnkrok is over, Calle Jarnkrok is back on ice.
10:12 of 2nd period - Snap shot by Calle Jarnkrok.
10:12 of 2nd period - Stopped by Marek Mazanek with a rebound.
10:46 of 2nd period - Slapshot by Nathan Beaulieu.
10:46 of 2nd period - Shot Blocked by Pavel Valentenko.
11:27 of 2nd period - Tyler Cuma is hit by Brock Nelson.
11:45 of 2nd period - Minor Penalty to Brandon Pirri for Holding Stick.
11:46 of 2nd period - Dustin Jeffrey wins face-off versus Tyler Bozak in Harfangs zone.
11:46 of 2nd period - Dustin Jeffrey is hit by Tyler Bozak.
11:55 of 2nd period - Wrist shot by Brock Nelson.
11:55 of 2nd period - Stopped by Marek Mazanek with a rebound.
11:57 of 2nd period - Snap shot by Dustin Jeffrey.
11:57 of 2nd period - Shot Blocked by Tyler Cuma.
11:59 of 2nd period - Wrist shot by Dustin Jeffrey.
11:59 of 2nd period - Shot Misses the Net.
13:45 of 2nd period - Penalty to Brandon Pirri is over, Brandon Pirri is back on ice.
13:53 of 2nd period - Snap shot by Tomas Tatar.
13:53 of 2nd period - Shot Blocked by Lukas Krajicek.
13:55 of 2nd period - Slapshot by Brian Lashoff.
13:55 of 2nd period - Stopped by Marek Mazanek without a rebound.
13:56 of 2nd period - Tomas Kubalik wins face-off versus Brandon Pirri in Diables zone.
14:11 of 2nd period - Slapshot by Tomas Kubalik.
14:11 of 2nd period - Stopped by Mark Visentin with a rebound.
14:30 of 2nd period - Snap shot by Mika Zibanejad.
14:30 of 2nd period - Deflect By Dustin Kohn.
14:30 of 2nd period - Stopped by Marek Mazanek with a rebound.
14:44 of 2nd period - Wrist shot by Mike Hoffman.
14:44 of 2nd period - Deflect By Calle Jarnkrok.
14:44 of 2nd period - Stopped by Marek Mazanek with a rebound.
14:46 of 2nd period - Wrist shot by Mike Hoffman.
14:46 of 2nd period - Shot Blocked by Dustin Kohn.
14:48 of 2nd period - Snap shot by Mike Hoffman.
14:48 of 2nd period - Shot Hit the Post.
14:58 of 2nd period - Snap shot by Tomas Tatar.
14:58 of 2nd period - Stopped by Marek Mazanek with a rebound.
15:00 of 2nd period - Slapshot by Tomas Tatar.
15:00 of 2nd period - Stopped by Marek Mazanek without a rebound.
15:01 of 2nd period - Jean-Gabriel Pageau wins face-off versus Riley Sheahan in Diables zone.
15:14 of 2nd period - Snap shot by Jean-Gabriel Pageau.
15:14 of 2nd period - Stopped by Marek Mazanek without a rebound.
15:15 of 2nd period - Mika Zibanejad wins face-off versus Tyler Bozak in Diables zone.
15:34 of 2nd period - Tyler Cuma is hit by Mika Zibanejad and loses puck.
15:44 of 2nd period - Minor Penalty to Brock Nelson for Roughing.
15:45 of 2nd period - Benn Ferriero wins face-off versus Dustin Jeffrey in Harfangs zone.
15:48 of 2nd period - Slapshot by Lukas Krajicek.
15:48 of 2nd period - Deflect By Dustin Jeffrey.
15:48 of 2nd period - Stopped by Mark Visentin with a rebound.
15:50 of 2nd period - Wrist shot by Lukas Krajicek.
15:50 of 2nd period - Shot Blocked by Brian Lashoff.
15:52 of 2nd period - Slapshot by Lukas Krajicek.
15:52 of 2nd period - Shot Misses the Net.
15:54 of 2nd period - Slapshot by Lukas Krajicek.
15:54 of 2nd period - Deflect By Dustin Jeffrey.
15:54 of 2nd period - Stopped by Mark Visentin without a rebound.
15:55 of 2nd period - Riley Sheahan wins face-off versus Dustin Jeffrey in Harfangs zone.
15:55 of 2nd period - Riley Sheahan is hit by Brian Lashoff.
17:44 of 2nd period - Penalty to Brock Nelson is over, Brock Nelson is back on ice.
17:49 of 2nd period - Brock Nelson is hit by Craig Smith and loses puck.
18:23 of 2nd period - Slapshot by Cam Fowler.
18:23 of 2nd period - Stopped by Marek Mazanek with a rebound.
Goals for this period are 1 for Diables vs 1 for Harfangs.
Shots for this period are 5 for Diables vs 14 for Harfangs.
3rd period
0:01 of 3rd period - Tyler Bozak wins face-off versus Mika Zibanejad in neutral zone.
0:14 of 3rd period - Wrist shot by Tyler Bozak.
0:14 of 3rd period - Shot Blocked by Cam Fowler.
0:16 of 3rd period - Wrist shot by Tyler Bozak.
0:16 of 3rd period - Deflect By Kellan Lain.
0:16 of 3rd period - Goal by Kellan Lain - Diables : 6 - Harfangs : 2.
0:17 of 3rd period - Tyler Bozak wins face-off versus Mika Zibanejad in neutral zone.
0:22 of 3rd period - Snap shot by Steve Quailer.
0:22 of 3rd period - Shot Blocked by Brian Lashoff.
0:24 of 3rd period - Slapshot by Lukas Krajicek.
0:24 of 3rd period - Shot Misses the Net.
0:26 of 3rd period - Snap shot by Tyler Bozak.
0:26 of 3rd period - Shot Misses the Net.
0:28 of 3rd period - Snap shot by Lukas Krajicek.
0:28 of 3rd period - Shot Misses the Net.
0:30 of 3rd period - Slapshot by Tyler Cuma.
0:30 of 3rd period - Stopped by Mark Visentin without a rebound.
0:31 of 3rd period - Tyler Bozak wins face-off versus Jean-Gabriel Pageau in Harfangs zone.
0:44 of 3rd period - Slapshot by Tomas Tatar.
0:44 of 3rd period - Goal by Tomas Tatar - Diables : 6 - Harfangs : 3.
0:45 of 3rd period - Mika Zibanejad wins face-off versus Tyler Bozak in neutral zone.
0:47 of 3rd period - Off-side.
0:48 of 3rd period - Tyler Bozak wins face-off versus Dennis Everberg in neutral zone.
1:18 of 3rd period - Slapshot by Tyler Cuma.
1:18 of 3rd period - Deflect By Benn Ferriero.
1:18 of 3rd period - Stopped by Mark Visentin with a rebound.
1:42 of 3rd period - Wrist shot by Mike Hoffman.
1:42 of 3rd period - Shot Blocked by Craig Smith.
1:44 of 3rd period - Slapshot by Cam Fowler.
1:44 of 3rd period - Shot Misses the Net.
1:46 of 3rd period - Wrist shot by Sebastian Wannstrom.
1:46 of 3rd period - Shot Misses the Net.
1:48 of 3rd period - Slapshot by Cam Fowler.
1:48 of 3rd period - Stopped by Marek Mazanek with a rebound.
2:43 of 3rd period - Slapshot by Nathan Beaulieu.
2:43 of 3rd period - Stopped by Marek Mazanek with a rebound.
2:45 of 3rd period - Wrist shot by Jean-Gabriel Pageau.
2:45 of 3rd period - Stopped by Marek Mazanek with a rebound.
2:47 of 3rd period - Wrist shot by Emerson Etem.
2:47 of 3rd period - Stopped by Marek Mazanek without a rebound.
2:48 of 3rd period - Jean-Gabriel Pageau wins face-off versus Riley Sheahan in Diables zone.
2:49 of 3rd period - Wrist shot by Tomas Tatar.
2:49 of 3rd period - Stopped by Marek Mazanek with a rebound.
2:51 of 3rd period - Wrist shot by Emerson Etem.
2:51 of 3rd period - Shot Misses the Net.
3:16 of 3rd period - Snap shot by Craig Smith.
3:16 of 3rd period - Shot Misses the Net.
3:24 of 3rd period - Tomas Kubalik is hit by Tomas Tatar and loses puck.
3:29 of 3rd period - Snap shot by Tomas Tatar.
3:29 of 3rd period - Stopped by Marek Mazanek without a rebound.
3:30 of 3rd period - Tyler Bozak wins face-off versus Mika Zibanejad in Diables zone.
3:57 of 3rd period - Brandon Prust is hit by Brandon Pirri and loses puck.
4:18 of 3rd period - Calle Jarnkrok is hit by Craig Smith and loses puck.
4:36 of 3rd period - Wrist shot by Ben Hanowski.
4:36 of 3rd period - Stopped by Mark Visentin without a rebound.
4:37 of 3rd period - Boone Jenner wins face-off versus Jean-Gabriel Pageau in Harfangs zone.
4:38 of 3rd period - Slapshot by Tyler Cuma.
4:38 of 3rd period - Stopped by Mark Visentin with a rebound.
4:50 of 3rd period - Snap shot by Taylor Beck.
4:50 of 3rd period - Shot Misses the Net.
4:52 of 3rd period - Backhand shot by Boone Jenner.
4:52 of 3rd period - Deflect By Taylor Beck.
4:52 of 3rd period - Stopped by Mark Visentin without a rebound.
4:53 of 3rd period - Mika Zibanejad wins face-off versus Tyler Bozak in Harfangs zone.
5:05 of 3rd period - Slapshot by Cam Fowler.
5:05 of 3rd period - Shot Misses the Net.
5:07 of 3rd period - Wrist shot by Cam Fowler.
5:07 of 3rd period - Stopped by Marek Mazanek with a rebound.
5:09 of 3rd period - Backhand shot by Dennis Everberg.
5:09 of 3rd period - Shot Blocked by Steve Quailer.
5:24 of 3rd period - Wrist shot by Benn Ferriero.
5:24 of 3rd period - Shot Misses the Net.
5:26 of 3rd period - Slapshot by Tyler Cuma.
5:26 of 3rd period - Deflect By Brandon Prust.
5:26 of 3rd period - Goal by Brandon Prust - Diables : 7 - Harfangs : 3.
5:27 of 3rd period - Tyler Bozak wins face-off versus Mika Zibanejad in neutral zone.
5:32 of 3rd period - Slapshot by Pavel Valentenko.
5:32 of 3rd period - Shot Misses the Net.
5:34 of 3rd period - Snap shot by Tyler Bozak.
5:34 of 3rd period - Deflect By Steve Quailer.
5:34 of 3rd period - Goal by Steve Quailer - Diables : 8 - Harfangs : 3.
5:34 of 3rd period - Darcy Kuemper enters game.
5:35 of 3rd period - Mika Zibanejad wins face-off versus Tyler Bozak in neutral zone.
6:25 of 3rd period - Snap shot by Mike Hoffman.
6:25 of 3rd period - Goal by Mike Hoffman - Diables : 8 - Harfangs : 4.
6:26 of 3rd period - Tyler Bozak wins face-off versus Mika Zibanejad in neutral zone.
6:38 of 3rd period - Off-side.
6:39 of 3rd period - Tyler Bozak wins face-off versus Mika Zibanejad in neutral zone.
6:51 of 3rd period - Brian Lashoff is hit by Steve Quailer and loses puck.
7:49 of 3rd period - Minor Penalty to Craig Smith for Hooking.
7:50 of 3rd period - Tyler Bozak wins face-off versus Mika Zibanejad in Diables zone.
8:05 of 3rd period - Snap shot by Kellan Lain.
8:05 of 3rd period - Stopped by Darcy Kuemper with a rebound.
8:25 of 3rd period - Slapshot by Nathan Beaulieu.
8:25 of 3rd period - Goal by Nathan Beaulieu - Diables : 8 - Harfangs : 5.
8:26 of 3rd period - Mika Zibanejad wins face-off versus Tyler Bozak in neutral zone.
8:29 of 3rd period - Slapshot by Cam Fowler.
8:29 of 3rd period - Shot Blocked by Steve Quailer.
8:39 of 3rd period - Slapshot by Tyler Bozak.
8:39 of 3rd period - Stopped by Darcy Kuemper with a rebound.
9:16 of 3rd period - Slapshot by Cam Fowler.
9:16 of 3rd period - Shot Misses the Net.
9:46 of 3rd period - Wrist shot by Tomas Kubalik.
9:46 of 3rd period - Stopped by Darcy Kuemper with a rebound.
10:17 of 3rd period - Off-side.
10:18 of 3rd period - Brandon Pirri wins face-off versus Riley Sheahan in neutral zone.
10:22 of 3rd period - Off-side.
10:23 of 3rd period - Brandon Pirri wins face-off versus Riley Sheahan in neutral zone.
10:33 of 3rd period - Minor Penalty to Benn Ferriero for Tripping.
10:34 of 3rd period - Mika Zibanejad wins face-off versus Tyler Bozak in Diables zone.
10:46 of 3rd period - Wrist shot by Mika Zibanejad.
10:46 of 3rd period - Shot Misses the Net.
10:48 of 3rd period - Slapshot by Brian Lashoff.
10:48 of 3rd period - Goal by Brian Lashoff - Diables : 8 - Harfangs : 6.
10:49 of 3rd period - Mika Zibanejad wins face-off versus Tyler Bozak in neutral zone.
10:56 of 3rd period - Wrist shot by Kellan Lain.
10:56 of 3rd period - Shot Blocked by Dennis Everberg.
11:18 of 3rd period - Brian Lashoff is hit by Riley Sheahan and loses puck.
11:52 of 3rd period - Wrist shot by Taylor Beck.
11:52 of 3rd period - Deflect By Ben Hanowski.
11:52 of 3rd period - Shot Misses the Net.
11:52 of 3rd period - Puck is out of play.
11:53 of 3rd period - Boone Jenner wins face-off versus Mika Zibanejad in Harfangs zone.
12:00 of 3rd period - Wrist shot by Taylor Beck.
12:00 of 3rd period - Shot Misses the Net.
12:27 of 3rd period - Snap shot by Ben Hanowski.
12:27 of 3rd period - Shot Misses the Net.
12:29 of 3rd period - Slapshot by Brian Dumoulin.
12:29 of 3rd period - Shot Misses the Net.
12:31 of 3rd period - Snap shot by Keith Seabrook.
12:31 of 3rd period - Stopped by Darcy Kuemper with a rebound.
12:50 of 3rd period - Slapshot by Tomas Tatar.
12:50 of 3rd period - Stopped by Marek Mazanek without a rebound.
12:51 of 3rd period - Tyler Bozak wins face-off versus Mika Zibanejad in Diables zone.
12:57 of 3rd period - Minor Penalty to Dustin Kohn for Holding Stick.
12:58 of 3rd period - Tyler Bozak wins face-off versus Mika Zibanejad in Diables zone.
13:14 of 3rd period - Slapshot by Dennis Everberg.
13:14 of 3rd period - Stopped by Marek Mazanek with a rebound.
14:48 of 3rd period - Snap shot by Craig Smith.
14:48 of 3rd period - Shot Misses the Net.
14:50 of 3rd period - Slapshot by Taylor Beck.
14:50 of 3rd period - Shot Misses the Net.
14:52 of 3rd period - Snap shot by Brian Dumoulin.
14:52 of 3rd period - Deflect By Mike Hoffman.
14:52 of 3rd period - Stopped by Darcy Kuemper with a rebound.
14:54 of 3rd period - Wrist shot by Taylor Beck.
14:54 of 3rd period - Stopped by Darcy Kuemper without a rebound.
14:55 of 3rd period - Mike Hoffman wins face-off versus Craig Smith in Harfangs zone.
14:55 of 3rd period - Mike Hoffman is hit by Taylor Beck.
14:57 of 3rd period - Penalty to Dustin Kohn is over, Dustin Kohn is back on ice.
15:41 of 3rd period - Slapshot by Cam Fowler.
15:41 of 3rd period - Shot Blocked by Lukas Krajicek.
15:43 of 3rd period - Wrist shot by Mike Hoffman.
15:43 of 3rd period - Stopped by Marek Mazanek without a rebound.
15:44 of 3rd period - Mika Zibanejad wins face-off versus Tyler Bozak in Diables zone.
15:57 of 3rd period - Wrist shot by Brock Nelson.
15:57 of 3rd period - Shot Misses the Net.
15:59 of 3rd period - Wrist shot by Dennis Everberg.
15:59 of 3rd period - Stopped by Marek Mazanek without a rebound.
16:00 of 3rd period - Jean-Gabriel Pageau wins face-off versus Brandon Prust in Diables zone.
16:13 of 3rd period - Slapshot by Tomas Tatar.
16:13 of 3rd period - Shot Blocked by Riley Sheahan.
16:25 of 3rd period - Tyler Bozak is hit by Nathan Beaulieu and loses puck.
17:08 of 3rd period - Wrist shot by Tomas Tatar.
17:08 of 3rd period - Stopped by Marek Mazanek with a rebound.
17:10 of 3rd period - Snap shot by Tomas Tatar.
17:10 of 3rd period - Stopped by Marek Mazanek without a rebound.
17:11 of 3rd period - Tyler Bozak wins face-off versus Jean-Gabriel Pageau in Diables zone.
17:11 of 3rd period - Tyler Bozak is hit by Emerson Etem.
17:26 of 3rd period - Slapshot by Nathan Beaulieu.
17:26 of 3rd period - Stopped by Marek Mazanek without a rebound.
17:27 of 3rd period - Craig Smith wins face-off versus Brandon Pirri in Diables zone.
17:35 of 3rd period - Minor Penalty to Pierre-Cédric Labrie for Cross-checking.
17:36 of 3rd period - Mika Zibanejad wins face-off versus Tyler Bozak in Diables zone.
17:38 of 3rd period - Snap shot by Cam Fowler.
17:38 of 3rd period - Deflect By Dennis Everberg.
17:38 of 3rd period - Stopped by Marek Mazanek with a rebound.
17:44 of 3rd period - Snap shot by Brock Nelson.
17:44 of 3rd period - Stopped by Marek Mazanek with a rebound.
17:46 of 3rd period - Backhand shot by Mika Zibanejad.
17:46 of 3rd period - Deflect By Brock Nelson.
17:46 of 3rd period - Stopped by Marek Mazanek without a rebound.
17:47 of 3rd period - Tyler Bozak wins face-off versus Mika Zibanejad in Diables zone.
18:12 of 3rd period - Lukas Krajicek is hit by Jean-Gabriel Pageau and loses puck.
19:20 of 3rd period - Brock Nelson is hit by Taylor Beck and loses puck.
19:35 of 3rd period - Penalty to Pierre-Cédric Labrie is over, Pierre-Cédric Labrie is back on ice.
Goals for this period are 3 for Diables vs 4 for Harfangs.
Shots for this period are 14 for Diables vs 21 for Harfangs.
Back to the Top